 Dungeon Crawl Stone Soup version 0.29-a0-284-gf9362112df (webtiles) character file.

Game seed: 16746535388834431537

112 spaghetti the Sneak (level 4, 0/27 HPs)
             Began as a Vampire Cinder Acolyte on Mar 22, 2022.
             Was a High Priest of Ignis.
             Slain by a gnoll
             ... wielding a +0 vorpal halberd
              (7 damage)
             ... on level 2 of the Dungeon.
             The game lasted 00:03:45 (1447 turns).

spaghetti the Sneak (Vampire Cinder Acolyte)        Turns: 1447, Time: 00:03:45

Health: 0/27       AC:  4    Str: 13    XL:     4   Next: 63%
Magic:  5/5        EV: 11    Int: 16    God:    Ignis [*****.]
Gold:   129        SH:  0    Dex: 17    Spells: 5/5 levels left

rFire   + . .      SeeInvis +   i - +6 trident (vorpal) {polearm}
rCold   + + .      Faith    .   (no shield)
rNeg    + + +      Spirit   .   b - +0 robe
rPois   ∞          Reflect  .   e - +1 helmet
rElec   .          Harm     .   (no cloak)
rCorr   .          Rampage  .   (no gloves)
Will    .....                   (no boots)
Stlth   ++++++....              (no amulet)
HPRegen 0.00/turn               g - +6 ring of dexterity
MPRegen 0.09/turn               (no ring)

@: rising, flying, bloodless, inhibited regen
A: bloodless, fangs 3, see invisible, vampiric 2
a: Bat Form, Revivify, Renounce Religion, Fiery Armour, Foxfire Swarm


You were on level 2 of the Dungeon.
You worshipped Ignis.
Ignis was extremely pleased with you.
You visited 1 branch of the dungeon, and saw 2 of its levels.

You collected 129 gold pieces.


Innate Abilities, Weirdness & Mutations

You do not regenerate when monsters are visible.
You are frail without blood (-20% HP).
You can heal yourself when you bite living creatures.
You are immune to poison.
You have razor-sharp teeth.
You have supernaturally acute eyesight. (SInv)
You are afflicted with vampirism and can become a bat while bloodless.


   Skills:
 - Level 2.6 Fighting
 - Level 3.2 Short Blades
 + Level 7.0 Stealth
 - Level 1.0 Spellcasting
 - Level 2.4 Fire Magic


You had 5 spell levels left.
You didn't know any spells.
Your spell library contained the following spells:

 Spells                   Type           Power      Damage    Failure   Level
 Scorch                   Fire           16%        2d5       13%         2

Inventory:

Hand Weapons
 a - a -1 short sword of flaming {short}
 f - a +0 short sword {short}
   (You found it on level 1 of the Dungeon)
 i - a +6 vorpal trident (weapon) {polearm}
   (You took it off Terence on level 2 of the Dungeon)
Missiles
 h - 4 poisoned darts {throwing}
 j - 10 stones (quivered) {throwing}
 m - 3 boomerangs {throwing}
Armour
 b - a +0 robe (worn)
 e - a +1 helmet (worn)
   (You found it on level 1 of the Dungeon)
Magical Staves
 p - a staff of air {!astaff}
   (You found it on level 2 of the Dungeon)
Jewellery
 g - a +6 ring of dexterity (left hand)
   (You found it on level 1 of the Dungeon)
Scrolls
 d - 2 scrolls of magic mapping {!r}
 k - a scroll of enchant armour
 l - a scroll of identify {unknown}
 o - a scroll of teleportation {unknown}
Potions
 c - a potion of curing {unknown}
 n - a potion of heal wounds {unknown}

Dungeon Overview and Level Annotations

Branches:
Dungeon (2/15)

Altars:

Shops:
D:1

*(((
###.######.##..###.....#######.#
...# #.##..###.....# #.# ...###
#.##.......#### #.# ..>#
#.########## #.# ...# #.# ##.#
<..# #.###### #..# ...# #......#
#.## ...########..###.# #.#
.........##..# #@# ####.##
.........)...# #.)gg.... #...>..
.........##)## ####..... #.##.##
...########.# .... #.##.## ...#
#.# ### #.##.## ...# #.# #.##.##
...## #.# #.##.## ....#
####.########### #...... ....#
#..............########.##


You could see 2 gnolls.


Message History

An orc comes into view. It is wielding a +0 short sword.
You throw a stone {throwing}.
The stone {throwing} hits the orc but does no damage.
The orc shouts!
You throw a stone {throwing}.
The stone {throwing} barely misses the orc.
You reach to attack!
You completely miss the orc.
A hobgoblin comes into view.
The orc misses you.
You hit the orc. The orc barely misses you.
You closely miss the orc. The orc hits you but does no damage.
You hit the orc.
You kill the orc!
You throw a stone {throwing}.
The stone {throwing} hits the hobgoblin but does no damage.
You puncture the hobgoblin!
You kill the hobgoblin!
No target in view!
No target in view!
No target in view!
No target in view!
No target in view!
No target in view!
Things that are here:
a +0 short sword {short}; an orc corpse
j - 10 stones {throwing} (gained 2)
j - 11 stones {throwing} (gained 1)
A frilled lizard comes into view.
A frilled lizard is nearby!
You throw a stone {throwing}.
The stone {throwing} hits the frilled lizard.
The frilled lizard hisses angrily.
You throw a stone {throwing}.
The stone {throwing} closely misses the frilled lizard.
You throw a stone {throwing}.
The stone {throwing} hits the frilled lizard but does no damage.
You throw a stone {throwing}.
The stone {throwing} completely misses the frilled lizard.
You reach to attack!
You miss the frilled lizard. The frilled lizard bites you.
You miss the frilled lizard. The frilled lizard barely misses you.
You closely miss the frilled lizard.
The frilled lizard barely misses you. 😕 HP[-1]
You take 1 damage, and now have 26/27 hp.
You hit the frilled lizard.
You kill the frilled lizard!
No target in view!
No target in view!
No target in view!
No target in view!
No target in view!
No target in view!
No target in view!
No target in view!
o - a scroll labelled YJUSUM PEREOWO 😎 HP[+1]
Your hp is fully restored (27).
You see here a +0 dagger {short}.
j - 8 stones {throwing} (gained 1)
j - 10 stones {throwing} (gained 2)
You now have 121 gold pieces (gained 3).
Key pressed, stopping explore.
Found a stone staircase leading up.
p - a staff of air {!astaff}
Found a stone staircase leading down.
You now have 129 gold pieces (gained 8).
There is a stone staircase leading down here.
Key pressed, stopping explore.
Key pressed, stopping explore.
A gnoll comes into view. It is wielding a +0 vorpal halberd.
The gnoll shouts!
You hear a shout!
You reach to attack!
You hit the gnoll.
A gnoll comes into view. It is wielding a +0 halberd.
The gnoll moves out of view.
A gnoll comes into view. It is wielding a +0 club.
You reach to attack!
You puncture the gnoll! You puncture the gnoll!
You kill the gnoll!
The gnoll hits you from afar with a +0 vorpal halberd.
Your Stealth skill increases to level 7! 😕 HP[-6]
You take 6 damage, and now have 21/27 hp.
MASSIVE DAMAGE!! (PAUSE) Reach: i) +6 trident (vorpal) {polearm}
Press: ? - help, Dir - move target, f - gnoll
Aim: a gnoll, wielding a +0 vorpal halberd (heavily wounded, about 31% to evade your +6 vorpal trident)
You reach to attack!
You barely miss the gnoll.
The gnoll hits you from afar with a +0 vorpal halberd!
* * * LOW HITPOINT WARNING * * *
x2 The gnoll hits you from afar with a +0 vorpal halberd.
* * * LOW HITPOINT WARNING * * *
x2 😨 HP[-14]
You take 14 damage, and now have 7/27 hp.
MASSIVE DAMAGE!! (PAUSE) Reach: i) +6 trident (vorpal) {polearm}
Press: ? - help, Dir - move target, f/p - gnoll
Aim: a gnoll, wielding a +0 vorpal halberd (heavily wounded, about 31% to evade your +6 vorpal trident)
You reach to attack!
You hit the gnoll. The gnoll closely misses you.
You begin to rise into the air.
The gnoll hits you from afar with a +0 vorpal halberd!
You die...

Skill      XL: |  1  2  3  4 |
---------------+-------------+-----
Stealth        | 2 5 7 |  7.0
Fighting       | |  2.6
Short Blades   | |  3.2
Spellcasting   | |  1.0
Fire Magic     | |  2.4

Action                   |  1- 3 |  4- 6 || total
-------------------------+-------+-------++-------
Melee: Short sword       |    41 |       ||    41
       Bite              |     5 |     2 ||     7
       Trident           |    17 |    34 ||    51
Throw: Stone             |     9 |    19 ||    28
       Dart              |     4 |       ||     4
Invok: Rising Flame      |       |     1 ||     1
 Abil: Exsanguinate      |     1 |       ||     1
  Use: Scroll            |     6 |       ||     6
 Stab: Sleeping          |    12 |     1 ||    13
Armor: Robe              |    10 |     4 ||    14
Dodge: Dodged            |    40 |    16 ||    56

Levels and vault maps discovered:
D:1:      giann_forest_graveyard, layout_basic, serial_shops, shop,
          shop_fountains, shop, nicolae_shop_bloodbath_and_beyond,
          serial_curves, eino_curves_03, eino_curves_02,
          hellmonk_ecumenical_altar_arch_garden
D:2:      layout_loops_cross, uniq_terence

Notes
Turn   | Place    | Note
-------+----------+-------------------------------------------
     0 | D:1      | spaghetti the Vampire Cinder Acolyte began the quest for
                  | the Orb.
     0 | D:1      | Reached XP level 1. HP: 17/17 MP: 2/2
     0 | D:1      | magus.rc [v1.9.6]
    27 | D:1      | Reached skill level 1 in Stealth
    35 | D:1      | Found Ciepnu's Weapon Shoppe.
    41 | D:1      | Found Atroic's Antique Weapon Shoppe.
   104 | D:1      | Reached skill level 2 in Stealth
   125 | D:1      | Reached XP level 2. HP: 23/23 MP: 3/3
   129 | D:1      | Reached skill level 3 in Stealth
   171 | D:1      | Found a faded altar of an unknown god.
   245 | D:1      | Found Zageat's General Store.
   406 | D:1      | Found Xineh's Weapon Emporium.
   856 | D:2      | Reached skill level 4 in Stealth
   867 | D:2      | Noticed Terence
   872 | D:2      | Killed Terence
   873 | D:2      | Reached skill level 5 in Stealth
   873 | D:2      | Gained mutation: You are afflicted with vampirism and can
                  | become a bat while bloodless. [Vampire growth]
   873 | D:2      | Reached XP level 3. HP: 22/22 MP: 4/4
   997 | D:2      | Reached XP level 4. HP: 27/27 MP: 5/5
  1003 | D:2      | Reached skill level 6 in Stealth
  1445 | D:2      | Reached skill level 7 in Stealth
  1447 | D:2      | Slain by a gnoll

Vanquished Creatures
  Terence (D:2)
  A gnoll (D:2)
  3 adders (D:2)
  A dart slug (D:2)
  4 orcs (D:2)
  6 ball pythons
  3 bats
  2 endoplasms (D:2)
  A giant cockroach (D:1)
  3 goblins
  6 hobgoblins
  4 kobolds
  A quokka (D:1)
  2 frilled lizards
  2 rats
40 creatures vanquished.

Vanquished Creatures (collateral kills)
  A bat (D:1)
1 creature vanquished.

Grand Total: 41 creatures vanquished

Table legend:
 A = Non-vault XP
 B = Vault XP
 C = Vault XP percentage of total XP
 D = Non-vault monster count
 E = Vault monster count
 F = Vault count percentage of total count
                 A         B        C        D         E       F
            +---------+---------+-------+---------+---------+-------
      Total |     124 |      36 |  22.5 |      40 |       1 |   2.4
            +---------+---------+-------+---------+---------+-------
        D:1 |      26 |       0 |   0.0 |      15 |       0 |   0.0
        D:2 |      98 |      36 |  26.9 |      25 |       1 |   3.8
            +---------+---------+-------+---------+---------+-------

Illustrated notes

Table legend:
 A = Kills in this place as a percentage of kills in entire the game.
 B = Kills by you in this place as a percentage of kills by you in the entire game.
 C = Kills by friends in this place as a percentage of kills by friends in the entire game.
 D = Other kills in this place as a percentage of other kills in the entire game.
 E = Experience gained in this place as a percentage of experience gained in the entire game.
 F = Experience gained in this place divided by the number of levels of this place that you have seen.
                   A       B       C       D       E      F
               +-------+-------+-------+-------+-------+----------------------
         Total | 100.0 | 100.0 | 100.0 |   N/A | 100.0 |  80.0
       Dungeon | 100.0 | 100.0 | 100.0 |   N/A | 100.0 |  80.0
               +-------+-------+-------+-------+-------+----------------------

Table legend: (Time is in decaauts)
 A = Elapsed time spent in this place.
 B = Non-inter-level travel time spent in this place.
 C = Inter-level travel time spent in this place.
 D = Time resting spent in this place.
 E = Time spent auto-exploring this place.
 F = Levels seen in this place.
 G = Mean time per level.
                   A        B        C        D        E       F      G
               +--------+--------+--------+--------+--------+-----+--------+
         Total |   1461 |   1453 |      8 |      0 |   1107 |   2 |  730.5 |
       Dungeon |   1461 |   1453 |      8 |      0 |   1107 |   2 |  730.5 |
               +--------+--------+--------+--------+--------+-----+--------+

Top non-repeatable levels by time:
     D:1: 766 daAuts
     D:2: 695 daAuts
